 Dungeon Crawl Stone Soup version 0.29.1-1-gd02db6906a (webtiles) character file.

Game seed: 6383427912841526174

14005 Icepheonix32 the Arsonist (level 11, -4/82 HPs)
             Began as a Grey Draconian Fire Elementalist on Sept 22, 2022.
             Was an Elder of Vehumet.
             Slain by Rupert
             ... wielding a +2 vorpal battleaxe
              (6 damage)
             ... on level 11 of the Dungeon.
             The game lasted 00:31:24 (16139 turns).

Icepheonix32 the Arsonist (DrFE)                   Turns: 16139, Time: 00:31:25

Health: -4/82      AC: 19    Str: 11    XL:     11   Next: 83%
Magic:  4/24       EV: 13    Int: 20    God:    Vehumet [****..]
Gold:   371        SH:  0    Dex: 11    Spells: 4/28 levels left

rFire   + . .      SeeInvis +   f - staff of fire
rCold   + . .      Faith    .   (no shield)
rNeg    . . .      Spirit   .   (body armour unavailable)
rPois   .          Reflect  .   n - +2 hat
rElec   .          Harm     .   P - +1 cloak
rCorr   .          Rampage  .   x - +2 pair of gloves
Will    .....                   (no boots)
Stlth   ++........              s - amulet of regeneration
HPRegen 1.03/turn               t - ring of see invisible
MPRegen 0.19/turn               G - ring of protection from cold

@: hasted, very quick
A: AC +12, amphibious, unfitting armour, cold-blooded, beak, sense surroundings
1, wild magic 1, MP-powered wands
a: Renounce Religion


You were on level 11 of the Dungeon.
You worshipped Vehumet.
Vehumet was greatly pleased with you.
You visited 2 branches of the dungeon, and saw 13 of its levels.
You visited 1 bazaar.

You collected 743 gold pieces.
You spent 372 gold pieces at shops.

Inventory:

Hand Weapons
 l - a +2 short sword of electrocution
Missiles
 u - 7 throwing nets
 B - 3 boomerangs of dispersal
 K - 8 curare-tipped darts
Armour
 n - a +2 hat (worn)
 x - a +2 pair of gloves (worn)
 P - a +1 cloak (worn)
Magical Staves
 f - a staff of fire (weapon)
 E - a staff of earth
Jewellery
 j - a ring of resist corrosion
 s - an amulet of regeneration (around neck)
 t - a ring of see invisible (left hand)
 v - a ring of flight
 G - a ring of protection from cold (right hand)
Wands
 e - a wand of paralysis (8)
 w - a wand of iceblast (17)
 H - a wand of light (2)
 L - a wand of flame (31)
 M - a wand of polymorph (9)
Scrolls
 b - 2 scrolls of magic mapping
 c - 2 scrolls of immolation
 d - a scroll of summoning
 g - a scroll of teleportation
 i - 5 scrolls of vulnerability
 m - a scroll of torment
 p - 2 scrolls of brand weapon
 q - 2 scrolls of blinking
 y - a scroll of poison
 D - 2 scrolls of fog
 O - a scroll of enchant weapon
Potions
 a - 2 potions of magic
 h - 2 potions of mutation
 o - 2 potions of brilliance
 z - 4 potions of curing
 A - 3 potions of flight
 C - 2 potions of resistance
 F - 4 potions of berserk rage
 I - 2 potions of lignification
 J - a potion of invisibility
 Q - a potion of ambrosia


   Skills:
 + Level 3.0 Fighting
 + Level 1.8 Short Blades
 + Level 0.6(1.4) Polearms
 + Level 2.1(2.2) Staves
 + Level 0.2 Throwing
 + Level 4.3 Dodging
 + Level 3.0 Stealth
 + Level 9.3 Spellcasting
 + Level 6.0 Conjurations
 + Level 0.2 Hexes
 + Level 1.2 Summonings
 * Level 11.8 Fire Magic
 + Level 4.8 Earth Magic
 * Level 6.3 Evocations


You had 4 spell levels left.
You knew the following spells:

 Your Spells              Type           Power      Damage    Failure   Level
a - Foxfire               Conj/Fire      100%       2x1d9     1%          1
b - Scorch                Fire           100%       2d10      1%          2
c - Inner Flame           Hex/Fire       60%        N/A       1%          3
d - Leda's Liquefaction   Hex/Erth       12%        N/A       34%         4
e - Call Canine Familiar  Summ           18%        N/A       19%         3
f - Searing Ray           Conj           86%        2d7       1%          2
g - Flame Wave            Conj/Fire      73%        2d16      1%          4
h - Fireball              Conj/Fire      36%        3d15      2%          5

Your spell library contained the following spells:

 Spells                   Type           Power      Damage    Failure   Level
 Conjure Flame            Conj/Fire      73%        6-21      1%          3
 Freeze                   Ice            48%        1d7       3%          1
 Passwall                 Tmut/Erth      20%        N/A       7%          2
 Frozen Ramparts          Ice            24%        1d4       9%          3
 Hailstorm                Conj/Ice       27%        3d7       9%          4
 Ensorcelled Hibernation  Hex/Ice        24%        N/A       16%         2
 Tukima's Dance           Hex            13%        N/A       28%         3
 Gell's Gravitas          Tloc           12%        N/A       30%         3
 Lesser Beckoning         Tloc           12%        N/A       30%         3
 Portal Projectile        Hex/Tloc       24%        N/A       30%         3
 Swiftness                Air            12%        N/A       30%         3
 Teleport Other           Tloc           12%        N/A       30%         3
 Blade Hands              Tmut           6%         N/A       94%         5


Dungeon Overview and Level Annotations

Branches:
Dungeon (12/15)            Temple (1/1) D:4            Lair (0/5) D:8
    Orc (0/2) D:10

Altars:
Ashenzari
Cheibriados
Dithmenos
Elyvilon
Fedhas
Gozag
Hepliaklqana
Kikubaaqudgha
Makhleb
Nemelex Xobeh
Okawaru
Qazlal
Ru
Sif Muna
Trog
Uskayaw
Vehumet
Wu Jian
Xom
Yredelemnul
Zin
The Shining One

Shops:
D:3 !   D:10 (

Annotations:
D:6 3 runed translucent doors, Rudyous's ghost, novice MiFi
D:11 Rupert


Innate Abilities, Weirdness & Mutations

Your dull iron-grey scales are very hard. (AC +12)
You are amphibious.
You cannot fit into any form of body armour.
You are cold-blooded and may be slowed by cold attacks.
You have a beak for a mouth.
You passively map a small area around you.
Your spells are a little harder to cast, but a little more powerful.
You expend magic power (3 MP) to strengthen your wands.


Message History

Throw: 9 darts (curare)
Press: ? - help, Shift-Dir - straight line, f/p - Rupert
Aim: Rupert, wielding a +2 vorpal battleaxe and wearing a +0 chain mail (severely wounded, berserk, more vulnerable to fire, 64% to hit)
You throw a curare-tipped dart. The curare-tipped dart hits Rupert.
Rupert is poisoned.
Rupert convulses.
Rupert seems to slow down.
Rupert is severely wounded.
Rupert misses you.
Casting: Scorch (safe; 1% risk of failure)
Confirm with . or Enter, or press ? or * to list all spells.
You feel a surge of power!
Flames lash Rupert.
Rupert is burned terribly!
Rupert is severely wounded.
Unknown command.
Casting: Scorch (safe; 1% risk of failure)
Confirm with . or Enter, or press ? or * to list all spells.
You feel a surge of power!
Flames lash Rupert.
Rupert is burned terribly!
Rupert is almost dead.
Unknown command.
Casting: Scorch (safe; 1% risk of failure)
Confirm with . or Enter, or press ? or * to list all spells.
You feel a surge of power!
Flames lash Rupert.
Rupert is burned terribly!
Rupert is almost dead.
Unknown command.
Casting: Scorch (safe; 1% risk of failure)
Confirm with . or Enter, or press ? or * to list all spells.
You feel a surge of power!
Flames lash Rupert.
Rupert is burned terribly!
Rupert is almost dead.
Unknown command.
Rupert is no longer moving slowly.
Casting: Scorch (safe; 1% risk of failure)
Confirm with . or Enter, or press ? or * to list all spells.
You feel a surge of power!
Flames lash Rupert but do no damage.
Unknown command.
Casting: Scorch (safe; 1% risk of failure)
Confirm with . or Enter, or press ? or * to list all spells.
You feel a surge of power!
Flames lash Rupert.
Rupert is almost dead.
Rupert hits you with a +2 vorpal battleaxe!!
* * * LOW HITPOINT WARNING * * *
You die...

######## ######.......
#####################......#####.
....#..(.......@@.....#####...##.
###.#.###########.....# #......#.
..#.#.#.....# #.##.######.#..#.
#.#.#.#.###.#####.##.#......#....
.<#.#.#...........#.......#.##.#.
......#####.#######.......#....##
..........#.##............####...
..........#.##.####.......#####.#
......#####.##.#######...........


You could see Rupert (berserk, poisoned, combustible).

Vanquished Creatures
  2 boulder beetles (D:11)
  2 two-headed ogres
  An ugly thing (D:9)
  2 cyclopes
  A gargoyle (D:9)
  2 kobold demonologists
  3 trolls
  A hornet (D:9)
  Prince Ribbit (D:8)
  Sigmund (D:2)
  A spriggan (shapeshifter) (D:12)
  A shadow (D:11)
  A vampire (D:9)
  4 yaks
  A wyvern (D:8)
  7 vampire mosquitoes
  A redback simulacrum (D:11)
  6 steam dragons
  4 acid dragons
  3 water moccasins
  7 orc warriors
  An ice beast (D:7)
  A black bear (D:8)
  3 ogres
  6 centaurs
  A nameless horror (D:7)
  10 kobold brigands
  3 bullfrogs
  A necrophage (D:8)
  Blork the orc (D:4)
  3 gnoll sergeants (D:10)
  5 scorpions
  5 wights
  6 killer bees
  A howler monkey (D:9)
  An electric eel (D:10)
  4 orc priests
  2 gnoll boudas
  A hound (D:5)
  Ijyb (D:3)
  2 iguanas
  12 orc wizards
  Robin (D:4)
  16 gnolls
  10 adders
  2 shadow imps
  3 white imps
  An ufetubus (D:5)
  4 worms
  2 dart slugs
  36 orcs
  4 bats
  9 endoplasms
  5 giant cockroaches
  17 goblins
  12 hobgoblins
  4 quokkas
  6 ball pythons
  3 frilled lizards
  28 kobolds
  4 rats
289 creatures vanquished.

Vanquished Creatures (others)
  A scorpion (D:4)
  An orc (D:8)
  A butterfly (D:10)
  928 foxfires
931 creatures vanquished.

Grand Total: 1220 creatures vanquished

Notes
Turn   | Place    | Note
-------+----------+-------------------------------------------
     0 | D:1      | Icepheonix32 the Draconian Fire Elementalist began the
                  | quest for the Orb.
     0 | D:1      | Reached XP level 1. HP: 14/14 MP: 3/3
   128 | D:1      | Found a faded altar of an unknown god.
   261 | D:1      | Reached XP level 2. HP: 19/22 MP: 1/5
  1073 | D:1      | Reached XP level 3. HP: 27/27 MP: 6/6
  1379 | D:2      | Noticed Sigmund
  1419 | D:1      | Learned a level 2 spell: Scorch
  1424 | D:2      | Found a shimmering altar of Xom.
  2252 | D:2      | Learned a level 3 spell: Inner Flame
  2298 | D:2      | Reached skill level 4 in Fire Magic
  2422 | D:2      | Reached XP level 4. HP: 34/34 MP: 5/7
  2700 | D:2      | Killed Sigmund
  2701 | D:2      | Reached skill level 1 in Fighting
  2701 | D:2      | Reached skill level 1 in Short Blades
  2701 | D:2      | Reached XP level 5. HP: 32/40 MP: 0/9
  3121 | D:3      | Noticed Ijyb
  3129 | D:3      | Killed Ijyb
  3130 | D:3      | Reached XP level 6. HP: 47/47 MP: 3/10
  3228 | D:3      | Found a burning altar of Makhleb.
  3666 | D:3      | Found Ypon's Distillery.
  3673 | D:3      | Bought a potion of curing for 36 gold pieces
  3673 | D:3      | Bought a potion of mutation for 96 gold pieces
  3928 | D:4      | Reached skill level 5 in Fire Magic
  3961 | D:4      | Noticed Blork the orc
  3970 | D:4      | Killed Blork the orc
  4127 | D:4      | Noticed a water moccasin
  4132 | D:4      | Killed a water moccasin
  4375 | D:4      | Your scales start taking on a dull iron-grey colour.
  4375 | D:4      | Reached XP level 7. HP: 52/52 MP: 9/12
  4411 | D:4      | Found a staircase to the Ecumenical Temple.
  4429 | D:4      | Reached skill level 6 in Fire Magic
  4537 | Temple   | Entered the Ecumenical Temple
  4771 | Temple   | Became a worshipper of Vehumet
  4793 | D:4      | Learned a level 4 spell: Leda's Liquefaction
  4827 | D:4      | Noticed Robin
  4852 | D:4      | Killed Robin
  5285 | Temple   | Learned a level 3 spell: Call Canine Familiar
  5301 | D:4      | Reached skill level 1 in Earth Magic
  5416 | D:4      | You are sucked into a shaft and drop 3 floors!
  5596 | D:6      | Noticed a yak
  5597 | D:6      | Found a runed translucent gate.
  5597 | D:6      | Found a runed translucent gate.
  5597 | D:6      | Found a runed translucent gate.
  5598 | D:6      | Noticed Rudyous's ghost (novice MiFi)
  5599 | D:6      | Noticed a boulder beetle
  5625 | D:5      | Entered Level 5 of the Dungeon
  5817 | D:5      | Reached * piety under Vehumet
  5817 | D:5      | Offered knowledge of Shock by Vehumet.
  6313 | D:4      | Reached skill level 1 in Evocations
  6328 | D:4      | Reached XP level 8. HP: 23/61 MP: 2/14
  7265 | D:5      | Gained mutation: Your tail ends in a venomous barb. [potion
                  | of mutation]
  7265 | D:5      | Gained mutation: You occasionally lose the ability to drink
                  | potions when taking damage. [potion of mutation]
  7265 | D:5      | Lost mutation: You occasionally lose the ability to drink
                  | potions when taking damage. [potion of mutation]
  7265 | D:5      | Gained mutation: You have a pair of small antennae on your
                  | head. [potion of mutation]
  7355 | D:5      | Found a sparkling altar of Nemelex Xobeh.
  7356 | D:5      | Found a bloodstained altar of Trog.
  7653 | D:3      | Bought a potion of attraction for 36 gold pieces
  7653 | D:3      | Bought a potion of lignification for 36 gold pieces
  7653 | D:3      | Bought a potion of invisibility for 96 gold pieces
  7929 | D:6      | Offered knowledge of Searing Ray by Vehumet.
  8010 | D:6      | Reached ** piety under Vehumet
  8011 | D:6      | Reached skill level 1 in Staves
  8011 | D:6      | Reached skill level 7 in Fire Magic
  8823 | D:6      | Learned a level 2 spell: Searing Ray
  8850 | D:7      | Reached skill level 5 in Spellcasting
  9349 | D:7      | Reached XP level 9. HP: 52/67 MP: 11/16
  9827 | D:7      | Offered knowledge of Frozen Ramparts by Vehumet.
 10470 | D:7      | Reached skill level 1 in Summonings
 10474 | D:7      | Reached *** piety under Vehumet
 10677 | D:6      | Lost mutation: Your tail ends in a venomous barb. [potion
                  | of mutation]
 10677 | D:6      | Lost mutation: You have a pair of small antennae on your
                  | head. [potion of mutation]
 10677 | D:6      | Gained mutation: Your spells are a little harder to cast,
                  | but a little more powerful. [potion of mutation]
 10677 | D:6      | Gained mutation: You have a beak for a mouth. [potion of
                  | mutation]
 10677 | D:6      | Gained mutation: You passively map a small area around you.
                  | [potion of mutation]
 10677 | D:6      | Gained mutation: You expend magic power (3 MP) to
                  | strengthen your wands. [potion of mutation]
 10961 | D:8      | Reached skill level 8 in Fire Magic
 11354 | D:8      | Learned a level 4 spell: Flame Wave
 11560 | D:8      | Noticed Prince Ribbit
 11571 | D:8      | Killed Prince Ribbit
 11672 | D:8      | Found a staircase to the Lair.
 11962 | D:8      | Reached skill level 9 in Fire Magic
 11962 | D:8      | Reached XP level 10. HP: 55/74 MP: 11/19
 12238 | D:9      | Offered knowledge of Ignite Poison by Vehumet.
 12302 | D:9      | Noticed a gargoyle
 12303 | D:9      | Noticed a white ugly thing
 12304 | D:9      | Noticed a two-headed ogre
 12320 | D:9      | Noticed a soul eater
 12804 | D:9      | Killed a white ugly thing
 13342 | D:9      | Killed a gargoyle
 13343 | D:9      | Reached skill level 10 in Fire Magic
 13534 | D:9      | Killed a two-headed ogre
 13535 | D:9      | Reached skill level 5 in Evocations
 13983 | D:9      | Noticed a sixfirhy
 13984 | D:9      | Noticed a soul eater
 14106 | D:10     | Entered Level 10 of the Dungeon
 14153 | D:10     | Reached XP level 11. HP: 64/81 MP: 10/23
 14158 | D:10     | Reached **** piety under Vehumet
 14374 | D:10     | Paralysed by an orc for 5 turns
 14518 | D:10     | Offered knowledge of Fireball by Vehumet.
 14528 | D:10     | Reached skill level 5 in Conjurations
 14540 | D:10     | Noticed a two-headed ogre
 14547 | D:10     | Killed a two-headed ogre
 14658 | D:10     | Found a white marble altar of Elyvilon.
 14686 | D:10     | Found Polumaf's Weapon Shoppe.
 14711 | D:10     | Bought 2 throwing nets for 72 gold pieces
 14891 | D:10     | Found a staircase to the Orcish Mines.
 14905 | D:10     | Reached skill level 11 in Fire Magic
 15097 | D:11     | Noticed a boulder beetle
 15125 | D:11     | Found a flickering gateway to a bazaar.
 15132 | Bazaar   | Entered a bazaar
 15167 | Bazaar   | Found Xasm's Antique Weapon Emporium.
 15180 | Bazaar   | Found Besuile's Antique Weapon Shoppe.
 15197 | Bazaar   | Found Mil Zoats's Antique Armour Shoppe.
 15208 | Bazaar   | Found Hioforgh's Antique Armour Emporium.
 15276 | D:11     | Killed a boulder beetle
 15509 | D:11     | Noticed a boulder beetle
 15530 | D:11     | Killed a boulder beetle
 15947 | D:12     | Noticed Rupert
 16034 | D:11     | Learned a level 5 spell: Fireball
 16101 | D:11     | Paralysed by Rupert for 3 turns
 16139 | D:11     | HP: 2/82 [Rupert/+2 vorpal battleaxe (22)]
 16139 | D:11     | Slain by Rupert

Illustrated notes

Levels and vault maps discovered:
D:1:      dpeg_arrival_shrine, layout_loops_ring,
          shapermc_ecumenical_altar_notcrosses, minmay_small_reverse_x
D:2:      minmay_razor_zed, layout_basic, basic_altar, uniq_sigmund
D:3:      layout_basic, overflow_temple_1_default, serial_shops,
          nicolae_shop_temple_entry_statues_fountains,
          nicolae_figureground_pulse, uniq_ijyb
D:4:      minmay_opposing_rooms, layout_loops_ring,
          minmay_temple_entry_crystal_x, uniq_robin, uniq_blork_the_orc
D:5:      layout_basic, mainiacjoe_overflow_divided_tiny
D:6:      layout_loops_ring, gammafunk_ghost_split, hex_large,
          chequers_decorated_corner, minmay_curled_crystal
D:7:      layout_loops_corners
D:8:      kennysheep_blocky_hall, layout_basic, lair_entry_dummy,
          hangedman_abyss_or_decor_clamps, uniq_prince_ribbit1
D:9:      layout_irregular_city, minmay_joined_circles
D:10:     layout_big_octagon, nicolae_elyvilon_peaceful_grove,
          kennysheep_orc_monster_closet_entryway, serial_shops,
          nicolae_shop_statue_plus, grunt_decor_clamped,
          chequers_serial_rivers_small_a, minmay_starry_boxes
D:11:     layout_basic, serial_shops, bzr_entry_road
D:12:     lemuel_slime, layout_rooms, serial_shops, nicolae_diamond_shop,
          drop_trap, uniq_rupert
Temple:   eino_narrow_crystal_temple

Skill      XL: |  1  2  3  4  5  6  7  8  9 10 11 |
---------------+----------------------------------+-----
Stealth        | 2 3 |  3.0
Dodging        | 2 3 4 |  4.3
Fire Magic     | 4 5 6 7 9 10 11 | 11.8
Fighting       | 1 2 3 |  3.0
Short Blades   | 1 |  1.8
Conjurations   | 2 3 4 6 |  6.0
Spellcasting   | 3 4 5 6 8 9 |  9.3
Earth Magic    | 1 4 |  4.8
Evocations     | 1 2 4 5 6 |  6.3
Staves         | 1 2 |  2.1
Summonings     | 1 |  1.2
Polearms       | |  0.6
Throwing       | |  0.2
Hexes          | |  0.2

Action                   |  1- 3 |  4- 6 |  7- 9 | 10-12 || total
-------------------------+-------+-------+-------+-------++-------
Melee: Spear             |    25 |       |       |       ||    25
       Unarmed           |     3 |       |       |       ||     3
       Tailslap          |     5 |     2 |    37 |     3 ||    47
       Short sword       |    47 |    14 |    74 |       ||   135
       Punch             |     1 |       |     3 |       ||     4
       Staff             |       |       |   213 |    40 ||   253
       Peck              |       |       |     2 |    14 ||    16
Throw: Dart              |       |       |       |     6 ||     6
 Cast: Foxfire           |    57 |    48 |   268 |   188 ||   561
       Scorch            |       |    11 |    52 |    85 ||   148
       Call Canine Famil |       |       |     2 |     4 ||     6
       Inner Flame       |       |       |     1 |     3 ||     4
       Searing Ray       |       |       |     6 |     9 ||    15
       Flame Wave        |       |       |       |     5 ||     5
Evoke: Wand              |       |       |       |     1 ||     1
  Use: Scroll            |       |       |    15 |     8 ||    23
       Potion            |       |       |     7 |     4 ||    11
 Stab: Sleeping          |     3 |     1 |     1 |       ||     5
Armor: Skin              |    13 |     7 |   228 |   100 ||   348
Dodge: Dodged            |    47 |    12 |   265 |   100 ||   424
